 Dungeon Crawl Stone Soup version 0.31.0-9-g3a7656b989 (webtiles) character file.

Game seed: 3509293440400203962

1015 qw the Skirmisher (level 8, -2/39 HPs)
             Began as a Spriggan Hunter on Feb 2, 2024.
             Was a Follower of Okawaru.
             Incinerated by a bombardier beetle (5 damage)
             ... with a burning spray
             ... on level 5 of the Dungeon.
             The game lasted 00:00:19 (3986 turns).

qw the Skirmisher (Spriggan Hunter)                 Turns: 3986, Time: 00:00:20

Health: -2/39      AC:  3    Str:  7    XL:     8   Next: 1%
Magic:  9/9        EV: 22    Int: 11    God:    Okawaru [*.....]
Gold:   232        SH:  0    Dex: 20    Spells: 7/7 levels left

rFire   . . .        a - +0 shortbow
rCold   . . .        (shield currently unavailable)
rNeg    . . .        c - +0 robe
rPois   .            (helmet restricted)
rElec   .            d - +0 cloak
rCorr   .            (gloves unavailable)
SInv    +            (boots unavailable)
Will    +....        (no amulet)
Stlth   +            (no ring)
HPRegen 0.26/turn    (no ring)
MPRegen 0.11/turn

%: no passive effects
@: on fire, glowing, very quick
A: very small, no large weapons, unfitting armour, see invisible, speed 3
a: Renounce Religion, Heroism


You were on level 5 of the Dungeon.
You worshipped Okawaru.
Okawaru was aware of your devotion.
You visited 2 branches of the dungeon, and saw 6 of its levels.

You collected 232 gold pieces.


Innate Abilities, Weirdness & Mutations

You are very small and have problems with some larger weapons.
You are too small for most types of armour.
You have supernaturally acute eyesight. (SInv)
You cover ground extremely quickly. (Speed+++)


   Skills:
 + Level 2.6 Fighting
 - Level 8.2 Ranged Weapons
 - Level 7.0 Dodging
 - Level 1.5 Stealth
 + Level 1.2 Invocations


You had 7 spell levels left.
You didn't know any spells.
Your spell library was empty.

Inventory:

Hand Weapons
 a - a +0 shortbow (weapon)
Armour
 c - a +0 robe (worn)
 d - a +0 cloak (worn)
Scrolls
 e - 4 scrolls of teleportation
 g - a scroll of blinking {unknown}
 j - a scroll of identify
Potions
 b - a potion of haste
 f - a potion of heal wounds
 h - a potion of curing {unknown}
 i - a potion of degeneration {unknown}

Dungeon Overview and Level Annotations

Branches:
Dungeon (5/15)             Temple (1/1) D:4

Altars:
Cheibriados
Dithmenos
Hepliaklqana
Kikubaaqudgha
Makhleb
Nemelex Xobeh
Okawaru
Qazlal
Ru
Trog
Uskayaw
Vehumet
Wu Jian
Xom
Yredelemnul
Zin
The Shining One

Shops:
D:2 [


Message History

The arrow closely misses the bombardier beetle.
You shoot an arrow.
The arrow hits the bombardier beetle but does no damage.
The bombardier beetle is moderately wounded.
You shoot an arrow.
The arrow barely misses the bombardier beetle.
The bombardier beetle sprays incendiary fluid at you.
The burning spray hits you.
You are covered in liquid fire!
You shoot an arrow.
The arrow barely misses the bombardier beetle.
The liquid fire burns you!
You shoot an arrow. The arrow hits the bombardier beetle.
The bombardier beetle is heavily wounded.
The liquid fire burns you!
The bombardier beetle sprays incendiary fluid at you.
The burning spray hits you.
You are even more covered in liquid fire!
You shoot an arrow. The arrow hits the bombardier beetle.
The bombardier beetle is almost dead.
The liquid fire burns you!
You shoot an arrow. The arrow hits the bombardier beetle.
You kill the bombardier beetle!
Okawaru accepts your kill. The liquid fire burns you!
Your Invocations skill increases to level 1!
You have reached level 8!
You are on fire!
The liquid fire burns you!
You are on fire!
The liquid fire burns you!
You are on fire!
The liquid fire burns you!
You are on fire!
The liquid fire burns you!
You are on fire!
The liquid fire burns you!
You are on fire!
The liquid fire burns you!
You die...

######## .#..##.##
........# ........#
###...############### #
#...###.##........# .
#....#......#...<.#
..#....#......#.@...#
.##...###+##..#.....#
.##...##..##..#.....'...
#....#..##..#.....#...
#....'..##..#..%..# ..
#....#......#.....# .
#....#......#.....#
#.####..##..#....?# #.
#..##..#


There were no monsters in sight!

Vanquished Creatures
  Sigmund (D:3)
  An ice beast (D:5)
  An ogre (D:5)
  A centaur (D:5)
  A bullfrog (D:4)
  3 scorpions
  A jelly (D:4)
  2 bombardier beetles
  A hound (D:4)
  A sleepcap (D:4)
  2 iguanas
  4 gnolls (D:2)
  3 adders
  4 ufetubi
  2 dart slugs
  3 orcs
  4 bats
  3 endoplasms
  A giant cockroach (D:1)
  8 hobgoblins
  4 jackals
  6 kobolds
  4 quokkas
  10 ball pythons
  2 frilled lizards (D:2)
  6 goblins
  3 rats
82 creatures vanquished.

Notes
Turn   | Place    | Note
-------+----------+-------------------------------------------
     0 | D:1      | qw the Spriggan Hunter began the quest for the Orb.
     0 | D:1      | Reached XP level 1. HP: 10/10 MP: 2/2
     0 | D:1      | 0 ||| qw: Version: 0.3-a-155-g5e7d8dd
     0 | D:1      | 0 ||| qw: Game counter: 63
     0 | D:1      | 0 ||| qw: Melee chars always use a shield: true
     0 | D:1      | 0 ||| qw: God list: Okawaru
     0 | D:1      | 0 ||| qw: Allow faded altars: false
     0 | D:1      | 0 ||| qw: Do Orc after clearing Dungeon:15 true
     0 | D:1      | 0 ||| qw: Do second Lair branch before Depths: true
     0 | D:1      | 0 ||| qw: Lair rune preference: random
     0 | D:1      | 0 ||| qw: Goals: Normal
     0 | D:1      | 0 ||| PLANNING D:1-11
    12 | D:1      | Reached skill level 3 in Dodging
    90 | D:1      | Reached XP level 2. HP: 14/14 MP: 3/3
   493 | D:1      | 493 ||| READING scroll labelled NEMIF GADATH.
   494 | D:1      | 494 ||| READING scroll labelled ECYIHAF PYHY.
   497 | D:1      | 497 ||| READING scroll labelled DOINOISMANI.
   498 | D:1      | 498 ||| DROPPING scroll of butterflies.
   548 | D:2      | Reached XP level 3. HP: 18/18 MP: 4/4
   566 | D:2      | HP: 4/18 [poisoned by an adder]
   570 | D:2      | HP: 1/18 [poisoned by an adder]
   583 | D:2      | 583 ||| FLEEEEING.
   664 | D:2      | You fall into a shaft and drop 2 floors!
   711 | D:4      | Identified the +4 ring mail of Dishonesty {rC+ Str+2 SInv}
   733 | D:4      | Reached skill level 5 in Ranged Weapons
   733 | D:4      | Reached XP level 4. HP: 22/22 MP: 5/5
   765 | D:4      | Noticed a scorpion
   769 | D:4      | Killed a scorpion
   822 | D:4      | Reached XP level 5. HP: 26/26 MP: 6/6
  1007 | D:4      | 1007 ||| UPGRADING to +0 cloak.
  1020 | D:3      | 1020 ||| FLEEEEING.
  1024 | D:3      | 1024 ||| FLEEEEING.
  1025 | D:3      | 1025 ||| STAIRDANCE
  1531 | D:2      | Found Jerredgho's Antique Armour Boutique.
  1639 | D:2      | 1639 ||| READING scroll of identify.
  1639 | D:2      | 1639 ||| IDENTIFYING orange potion
  1640 | D:2      | 1640 ||| READING scroll labelled QILUMPI CIENWU.
  1921 | D:3      | Found a burning altar of Makhleb.
  1927 | D:3      | Reached XP level 6. HP: 30/30 MP: 7/7
  1959 | D:3      | Reached skill level 6 in Ranged Weapons
  2208 | D:3      | Noticed Sigmund
  2218 | D:3      | Killed Sigmund
  2240 | D:3      | 2240 ||| READING scroll labelled ILOXTIA DYZETURCH.
  2241 | D:3      | 2241 ||| READING scroll labelled KOPPUI ZUNGA.
  2242 | D:3      | 2242 ||| READING scroll labelled XEIRETT JUFILI.
  2521 | D:4      | Reached XP level 7. HP: 25/35 MP: 8/8
  2702 | D:4      | Found a staircase to the Ecumenical Temple.
  2703 | D:4      | 2703 ||| PLANNING TEMPLE
  2704 | D:4      | 2704 ||| READING scroll of identify.
  2704 | D:4      | 2704 ||| IDENTIFYING fuming orange potion
  2705 | D:4      | 2705 ||| DRINKING 2 metallic inky potions.
  2741 | D:4      | 2741 ||| DROPPING potion of lignification.
  2747 | Temple   | Entered the Ecumenical Temple
  2748 | Temple   | 2748 ||| PLANNING OKAWARU WORSHIP
  2765 | Temple   | Became a worshipper of Warmaster Okawaru
  2766 | Temple   | 2766 ||| PLANNING D:1-11
  2842 | D:5      | Entered Level 5 of the Dungeon
  2845 | D:5      | 2845 ||| STAIRDANCE
  2878 | D:5      | 2878 ||| STAIRDANCE
  2948 | D:5      | 2948 ||| STAIRDANCE
  2968 | D:5      | 2968 ||| STAIRDANCE
  3014 | D:5      | 3014 ||| STAIRDANCE
  3059 | D:5      | 3059 ||| STAIRDANCE
  3080 | D:5      | 3080 ||| STAIRDANCE
  3147 | D:5      | 3147 ||| STAIRDANCE
  3164 | D:5      | 3164 ||| STAIRDANCE
  3205 | D:5      | 3205 ||| STAIRDANCE
  3256 | D:5      | 3256 ||| STAIRDANCE
  3311 | D:5      | 3311 ||| STAIRDANCE
  3389 | D:5      | 3389 ||| STAIRDANCE
  3471 | D:5      | Reached skill level 7 in Ranged Weapons
  3646 | D:5      | Identified the +7 dagger "Veheurgh" {drain, *Rage rF+ rC+++
                  | rN+}
  3792 | D:5      | Reached * piety under Okawaru
  3793 | D:5      | Reached skill level 8 in Ranged Weapons
  3981 | D:5      | Reached skill level 1 in Invocations
  3981 | D:5      | Reached XP level 8. HP: 22/39 MP: 9/9
  3984 | D:5      | HP: 6/39 [burnt (4)]
  3985 | D:5      | HP: 2/39 [burnt (4)]
  3986 | D:5      | Incinerated by a bombardier beetle

Levels and vault maps discovered:
D:1:      wander_arrival_desolate, layout_basic,
          amcnicky_mini_rare_corridor_liquid
D:2:      layout_basic, serial_shops, nicolae_lakefront_shop,
          cheibrodos_gnoll_hut
D:3:      layout_basic, bloody_makhleb, uniq_sigmund
D:4:      layout_loops_cross, minmay_temple_entry_fiery
D:5:      layout_gridville, minivault_5, grunt_ministairs_9,
          dreamdust_princess_bridge, palyth_stone_intersect, minivault_24,
          roderic_roman_lattice, kennysheep_windowed_goal
Temple:   compressed_dpeg_triangle_lava_temple

Skill      XL: |  1  2  3  4  5  6  7 |
---------------+----------------------+-----
Dodging        | 3 4 5 7 |  7.0
Ranged Weapons | 5 6 8 |  8.2
Fighting       | 2 |  2.6
Invocations    | 1 |  1.2
Stealth        | |  1.5

Action                     |  1- 3 |  4- 6 |  7- 9 || total
---------------------------+-------+-------+-------++-------
   Fire: Shortbow          |    79 |   131 |   101 ||   311
    Use: Scroll            |     3 |     5 |     1 ||     9
         Potion            |       |       |     1 ||     1
 Armour: Robe              |     7 |    22 |    28 ||    57
  Dodge: Dodged            |    30 |    78 |    86 ||   194

Table legend:
 A = Non-vault XP
 B = Vault XP
 C = Vault XP percentage of total XP
 D = Non-vault monster count
 E = Vault monster count
 F = Vault count percentage of total count
                 A         B        C        D         E       F
            +---------+---------+-------+---------+---------+-------
      Total |    1110 |     340 |  23.4 |      75 |       7 |   8.5
            +---------+---------+-------+---------+---------+-------
        D:1 |      26 |       0 |   0.0 |      16 |       0 |   0.0
        D:2 |      90 |      19 |  17.4 |      19 |       3 |  13.6
        D:3 |      59 |     231 |  79.7 |      12 |       1 |   7.7
        D:4 |     382 |       0 |   0.0 |      20 |       0 |   0.0
        D:5 |     553 |      90 |  14.0 |       8 |       3 |  27.3
            +---------+---------+-------+---------+---------+-------
